AoeStats
← Yaycub

Black Forest

510438382Analyzed
2v2 RM · 2d ago on Oct 1, 2026· 57m 54s· 4 players
Game mode
Random Map
Map size
Medium (4 player)
Population
200
Speed
Normal
Resources
Standard
Victory
Conquest
Starting age
Dark Age
Ending age
Imperial Age
RankedLock teamsTeams togetherTeam positionsShared explorationLock speedFull tech treeHidden civsTurbo modeCheats
Victory
Defeat
🇺🇾 Mongols · Uruguay
1137
+15
🇵🇪 Japanese · Peru
1088
+17
🇨🇦 Mongols · Canada
1141
-18
🇺🇸 Malians · United States
1066
-14
|FMG| Zeit
0:44 Loom
11:20 Feudal Age
15:13 Castle Age
13:21 Double-Bit Axe
13:58 Horse Collar
14:50 Town Watch
17:53 Scale Barding Armor
26:21 Fletching
27:14 Husbandry
28:00 Bodkin Arrow
28:05 Padded Archer Armor
30:01 Wheelbarrow
31:10 Leather Archer Armor
31:19 Ballistics
31:22 Bloodlines
31:58 Fervor
31:41 Gold Mining
32:52 Heavy Plow
33:37 Bow Saw
37:39 Imperial Age
35:44 Guard Tower
36:00 Caravan
37:55 Elite Mangudai
39:38 Chemistry
39:10 Bracer
39:59 Conscription
40:13 Siege Engineers
40:12 Capped Ram
41:13 Hand Cart
42:03 Drill
42:11 Thumb Ring
42:20 Onager
43:11 Scale Mail Armor
46:19 Light Cavalry
47:45 Parthian Tactics
renzofelix0
0:57 Loom
12:11 Feudal Age
12:25 Man-at-Arms
25:29 Castle Age
36:00 Wheelbarrow
41:57 Horse Collar
43:32 Scale Mail Armor
45:46 Chain Mail Armor
45:23 Long Swordsman
47:32 Forging
48:15 Heavy Plow
52:12 Imperial Age
49:52 Gambesons
51:39 Squires
51:27 Arson
52:33 Iron Casting
52:42 Two-Handed Swordsman
53:23 Town Watch
54:57 Plate Mail Armor
54:33 Champion
56:19 Pikeman
Such_A_Noob
1:46 Loom
12:47 Feudal Age
14:27 Town Watch
26:00 Fletching
26:37 Horse Collar
31:23 Scale Barding Armor
31:29 Forging
Yaycub
11:28 Feudal Age
15:12 Castle Age
14:32 Double-Bit Axe
15:53 Gold Mining
15:54 Fletching
16:46 Bow Saw
16:34 Bodkin Arrow
22:06 Ballistics
29:30 Wheelbarrow
28:49 Town Watch
29:52 Bloodlines
32:51 Horse Collar
34:06 Padded Archer Armor
36:45 Imperial Age
34:02 Loom
36:30 Padded Archer Armor
36:32 Heavy Plow
37:10 Gold Shaft Mining
37:08 Hand Cart
37:44 Bracer
38:47 Chemistry
38:38 Leather Archer Armor
38:26 Husbandry
37:59 Light Cavalry
39:18 Conscription
39:25 Scale Barding Armor
39:31 Forging
40:38 Chain Barding Armor
40:29 Hussar
41:46 Iron Casting
41:41 Parthian Tactics
41:45 Elite Skirmisher
43:11 Thumb Ring
45:20 Blast Furnace
46:06 Fortified Wall
46:02 Siege Engineers
46:07 Masonry
47:09 Capped Ram
48:37 Drill
50:46 Elite Mangudai
56:06 Murder Holes
Connection lost

Rejoining the realm…

Still unreachable

The connection could not be restored.

Session expired

The server has moved on; the page needs a fresh start.